 Dungeon Crawl Stone Soup version 0.29.1-12-g30fa7ad0bf (webtiles) character file.

Game seed: 16809962822132231796

41 Adverbial the Ducker (level 3, -2/17 HPs)
             Began as a Felid Berserker on Jan 6, 2023.
             Was a Follower of Trog.
             Killed by nerve-wracking pain
             ... invoked by Grinder
              (4 damage)
             ... on level 3 of the Dungeon.
             The game lasted 00:13:37 (1219 turns).

Adverbial the Ducker (Felid Berserker)              Turns: 1219, Time: 00:13:37

Health: -2/17      AC:  1    Str: 15    XL:     3   Next: 32%
Magic:  0/4        EV: 23    Int: 12    God:    Trog [*.....]
Gold:   87         SH:  0    Dex: 15    Spells: 2/2 levels left
                                        Lives:  0   Deaths: 0

rFire   . . .      SeeInvis +     - Unarmed
rCold   . . .      Faith    .   (shield unavailable)
rNeg    . . .      Spirit   +   (body armour unavailable)
rPois   .          Reflect  .   (helmet unavailable)
rElec   .          Harm     .   (cloak unavailable)
rCorr   .          Rampage  .   (gloves unavailable)
Will    .....                   (boots unavailable)
Stlth   +++.......              d - amulet "Nuewu" {Spirit Int+4 Stlth+}
HPRegen 0.05/turn               g - +4 ring of evasion
MPRegen 0.09/turn               (no ring)

@: on berserk cooldown, slowed, slow
A: very small, claws 1, fangs 3, see invisible, speed 1, shaggy fur 1, stealthy
paws, no weapons or thrown items, no armour, multi-lived
a: Renounce Religion, Berserk


You were on level 3 of the Dungeon.
You worshipped Trog.
Trog was aware of your devotion.
You visited 1 branch of the dungeon, and saw 3 of its levels.

You collected 87 gold pieces.

Inventory:

Missiles
 a - 6 atropa-tipped darts
Armour
 b - an orb of guile
 f - an orb of light
Jewellery
 d - the amulet "Nuewu" (around neck) {Spirit Int+4 Stlth+}
   (You acquired it on level 3 of the Dungeon)

   [amulet of guardian spirit]

   It causes incoming damage to be divided between your reserves of health and
   magic.
   Int:       It affects your intelligence (+4).
   Stlth:     It makes you more stealthy.
 g - a +4 ring of evasion (left paw)
Scrolls
 c - 2 scrolls of teleportation
 e - a scroll of enchant armour {unknown}


   Skills:
 + Level 3.3 Fighting
 + Level 4.8 Dodging
 + Level 0.8 Stealth
 + Level 3.5 Unarmed Combat


You had 2 spell levels left.
You didn't know any spells.
Your spell library was empty.

Dungeon Overview and Level Annotations

Branches:
Dungeon (3/15)

Altars:

Annotations:
D:3 Grinder


Innate Abilities, Weirdness & Mutations

You have sharp claws.
You have razor-sharp teeth.
You have supernaturally acute eyesight. (SInv)
You cover ground quickly. (Speed+)
You are covered in fur. (AC +1)
Your paws help you pounce on unaware monsters.
You are incapable of wielding weapons or throwing items.
You cannot wear armour.
You gain extra lives every three experience levels.


Message History

Grinder blinks!
Grinder blinks!
Grinder gestures at you.
You suddenly lose the ability to move!
You can move again.
Grinder gestures at you.
You shrug off the repeated paralysis!
You scratch Grinder but do no damage.
Grinder is almost dead.
Grinder misses you.
You scratch Grinder but do no damage.
Grinder is almost dead.
Grinder barely misses you.
You barely miss Grinder.
Grinder is almost dead.
Grinder gestures at you.
You suddenly lose the ability to move!
Grinder gestures at you.
You shrug off the repeated paralysis!
Grinder barely misses you. Grinder hits you.
* * * LOW HITPOINT WARNING * * *
You writhe in agony.
* * * LOW HITPOINT WARNING * * *
Grinder says, "You look like you could use a good racking."
Grinder blinks!
You can move again.
You don't know any spells.
A red film seems to cover your vision as you go berserk!
You feel yourself moving faster!
You feel mighty!
You feel a strong urge to attack something.
Grinder gestures at you.
You shrug off the repeated paralysis!
You feel your anger nearly subside.
You are no longer berserk.
You are exhausted.
You feel yourself slow down. Grinder gestures at you.
Pain shoots through your body!
You die...

#....)...(...#
#......)†.....######
.............[!..... ..
...............######..
...............# ..#.
...............## ...
................###.#
..............5..<#.#
.............#@...#
...............##...#
...............##...####.#
....(..........##........#
..................#.###....#
...............####.# ...
...............# #.# .
...............# #.#
...............####.#


You could see Grinder.

Vanquished Creatures
  A worm (D:2)
  A dart slug (D:3)
  3 endoplasms
  A giant cockroach (D:3)
  4 goblins
  3 hobgoblins
  8 jackals
  2 quokkas (D:3)
  4 bats
  2 rats
29 creatures vanquished.

Notes
Turn   | Place    | Note
-------+----------+-------------------------------------------
     0 | D:1      | Adverbial the Felid Berserker began the quest for the Orb.
     0 | D:1      | Reached XP level 1. HP: 10/10 MP: 2/2
   267 | D:2      | Reached XP level 2. HP: 14/14 MP: 3/3
  1053 | D:3      | Reached XP level 3. HP: 17/17 MP: 4/4
  1144 | D:3      | Identified a scroll of acquirement
  1144 | D:3      | Acquired the amulet "Nuewu" {Spirit Int+4 Stlth+}
  1176 | D:3      | Noticed Grinder
  1202 | D:3      | Paralysed by Grinder for 2 turns
  1209 | D:3      | Paralysed by Grinder for 5 turns
  1219 | D:3      | Killed from afar by Grinder

Illustrated notes

Levels and vault maps discovered:
D:1:      amcnicky_arrival_blooded_trapdoor, layout_loops_ring,
          dreamdust_ecumenical_altar_statues
D:2:      mumra_celtic_spiral_tile, layout_basic
D:3:      layout_basic, uniq_terence, uniq_grinder

Action                   || total
-------------------------++-------
Melee: Unarmed           ||    69
       Bite              ||     6
       Punch             ||     1
Invok: Berserk           ||    10
  Use: Scroll            ||     2
       Potion            ||     1
 Stab: Sleeping          ||     2
Armor: Skin              ||     5
Dodge: Dodged            ||    63
